 Dungeon Crawl Stone Soup version 0.26-a0-971-g1d9d62bb61 (webtiles) character file.

Game seed: 2346217676712062544

4053 streetpizza the Destroyer (level 10, -18/69 HPs)
             Began as a Red Draconian Conjurer on Dec 4, 2020.
             Was a Follower of Vehumet.
             Demolished by a large abomination (30 damage)
             ... on level 9 of the Dungeon.
             The game lasted 00:35:14 (9330 turns).

streetpizza the Destroyer (Red Draconian Conjurer)  Turns: 9330, Time: 00:35:14

Health: -18/69     AC:  8    Str: 10    XL:     10   Next: 4%
Magic:  22/29      EV: 16    Int: 24    God:    Vehumet [*.....]
Gold:   426        SH:  0    Dex: 13    Spells: 19/22 levels left

rFire    + . .     SeeInvis .   C - +7 hand axe of Uskayaw's Outrage {vorpal, rPois Int+2 Dex+4}
rCold    . . .     Faith    .   (no shield)
rNeg     . . .     Spirit   .   (armour unavailable)
rPois    +         Reflect  .   (helmet restricted)
rElec    .         Harm     +   l - scarf {harm}
rCorr    +         Rampage  .   (no gloves)
MR       .....                  t - +0 pair of boots
Stlth    ++........             (no amulet)
HPRegen  0.21/turn              m - ring of resist corrosion
MPRegen  0.21/turn              E - ring of magical power

@: short of breath
A: breathe fire, unfitting armour, fire resistance 1, cold-blooded, AC +7
a: Breathe Fire, Renounce Religion


You were on level 9 of the Dungeon.
You worshipped Vehumet.
Vehumet was aware of your devotion.
You visited 2 branches of the dungeon, and saw 10 of its levels.

You collected 426 gold pieces.

Inventory:

Hand Weapons
 b - a +0 spear
 w - a +1 vorpal hand axe
 C - the +7 hand axe of Uskayaw's Outrage (weapon) {vorpal, rPois Int+2 Dex+4}
   (You found it on level 6 of the Dungeon)

   It inflicts extra damage upon your enemies.
   It affects your intelligence (+2).
   It affects your dexterity (+4).
   It protects you from poison.
Missiles
 d - 65 poisoned darts (quivered)
 y - 2 curare-tipped darts
Armour
 l - a scarf of harm (worn)
 t - a +0 pair of boots (worn)
 v - a +0 cloak
Jewellery
 m - a ring of resist corrosion (left hand)
 E - a ring of magical power (right hand)
 F - an uncursed ring of fire
Wands
 D - a wand of iceblast (14)
Scrolls
 e - 2 scrolls of enchant armour {unknown}
 g - 7 scrolls of teleportation {unknown}
 h - 6 scrolls of remove curse {unknown}
 j - 3 scrolls of fear {unknown}
 n - 6 scrolls of identify {unknown}
 o - 3 scrolls of enchant weapon {unknown}
 x - 2 scrolls of noise {unknown}
 z - a scroll of random uselessness {unknown}
 B - 2 scrolls of silence {unknown}
 G - a scroll of immolation {unknown}
 H - a scroll of summoning {unknown}
 I - a scroll of amnesia {unknown}
Potions
 a - a potion of cancellation {unknown}
 c - 2 potions of degeneration {unknown}
 f - 4 potions of curing {unknown}
 i - 3 potions of berserk rage
 k - 2 potions of heal wounds {unknown}
 p - a potion of invisibility {unknown}
 q - a potion of attraction {unknown}
 r - a potion of haste {unknown}
 s - 2 potions of brilliance {unknown}
 u - 2 potions of magic {unknown}
 A - a potion of might {unknown}
 J - 2 potions of resistance {unknown}


   Skills:
 + Level 6.9 Dodging
 - Level 1.7 Stealth
 + Level 6.9 Spellcasting
 * Level 11.0 Conjurations


You had 19 spell levels left.
You knew the following spells:

 Your Spells              Type           Power        Failure   Level
a - Magic Dart            Conj           ####         1%          1
b - Searing Ray           Conj           ######       1%          2

Your spell library contained the following spells:

 Spells                   Type           Power        Failure   Level
 Foxfire                  Conj/Fire      ####         1%          1
 Conjure Flame            Conj/Fire      ####....     2%          3
 Dazzling Flash           Conj/Hex       ####..       2%          3
 Mephitic Cloud           Conj/Pois/Air  ####....     4%          3
 Animate Skeleton         Necr           #.....       8%          1
 Apportation              Tloc           #.....       8%          1
 Corona                   Hex            #......      8%          1
 Summon Small Mammal      Summ           #...         8%          1
 Fulminant Prism          Conj/Hex       ####......   8%          4
 Iskenderun's Mystic Bla  Conj/Tloc      ####....     8%          4
 Blink                    Tloc           N/A          11%         2
 Call Imp                 Summ           #.......     11%         2
 Passwall                 Tmut/Erth      #.......     11%         2
 Slow                     Hex            #.......     11%         2
 Swiftness                Air            #.......     11%         2
 Call Canine Familiar     Summ           #.......     22%         3
 Summon Guardian Golem    Hex/Summ       #.......     22%         3
 Passage of Golubria      Tloc           N/A          58%         4
 Summon Ice Beast         Ice/Summ       #.......     58%         4
 Summon Lightning Spire   Summ/Air       #.......     58%         4
 Lee's Rapid Deconstruct  Erth           #.........   90%         5
 Invisibility             Hex            #.......     100%        6


Dungeon Overview and Level Annotations

Branches:
Dungeon (9/15)             Temple (1/1) D:6            Lair (0/6) D:8
    Orc: D:9-12

Altars:
Ashenzari
Cheibriados
Dithmenos
Elyvilon
Fedhas
Gozag
Hepliaklqana
Kikubaaqudgha
Makhleb
Nemelex Xobeh
Okawaru
Qazlal
Ru
Sif Muna
Trog
Uskayaw
Vehumet
Wu Jian
Xom
Yredelemnul
Zin
The Shining One

Shops:
D:5 =   D:7 :

Annotations:
D:2 Sigmund


Innate Abilities, Weirdness & Mutations

You can breathe blasts of fire.
Your fiery red scales are hard. (AC +7)
You cannot fit into any form of body armour.
Your flesh is heat resistant. (rF+)
You are cold-blooded and may be slowed by cold attacks.


Message History

You destroy the large abomination!
Vehumet accepts your kill.
The searing ray hits the large abomination but does no damage.
The searing ray hits the large abomination.
The large abomination is lightly damaged. (Press . to maintain the ray.)
The water moccasin hisses angrily.
The large abomination barely misses you.
A large abomination comes into view.
Your Conjurations skill increases to level 11!
The searing ray hits the large abomination!
The large abomination is moderately damaged.
The searing ray hits the large abomination!
The large abomination is moderately damaged.
The searing ray hits the large abomination but does no damage.
The large abomination hits you!!
Ouch! That really hurt!
* * * LOW HITPOINT WARNING * * *
The large abomination hits you!!
You die...

..............##..##
#.......##..###..#
#.......#....###..
#.......#...## ##.
######'####...# ##
#........##...#
#....S...##...#
#.)......#....#
#..@.....###..#
##X#######....#


#xX ###.## #.X #...# #.. ##### ### You could see 3 large abominations, a water
moccasin and a small abomination.

Vanquished Creatures
  A wizard (D:9)
  A gargoyle (D:6)
  A large abomination (D:9)
  Menkaure (D:7)
  2 orc warriors
  3 black bears
  2 ice beasts (D:7)
  A necrophage (D:9)
  4 ogres
  3 centaurs
  3 small abominations (D:9)
  4 bullfrogs
  2 scorpions
  2 howler monkeys (D:4)
  A bullfrog zombie (D:4)
  2 centaur zombies
  6 orc priests
  3 orc wizards
  4 hounds
  2 jellies
  A gnoll shaman (D:5)
  3 iguanas
  5 worker ants
  A hound zombie (D:7)
  2 hound skeletons
  4 gnolls (D:5)
  7 adders
  3 shadow imps
  3 white imps
  An adder zombie (D:9)
  2 dart slugs (D:1)
  7 leopard geckos
  11 orcs
  3 giant cockroaches
  10 hobgoblins
  13 jackals
  6 quokkas
  A ball python (D:1)
  8 bats
  3 frilled lizards
  5 goblins
  A jackal skeleton (D:4)
  9 kobolds
  A leopard gecko skeleton (D:4)
  A quokka zombie (D:6)
  7 rats
166 creatures vanquished.

Vanquished Creatures (others)
  9 fungi (D:8)
  7 plants (D:8)
16 creatures vanquished.

Grand Total: 182 creatures vanquished

Notes
Turn   | Place    | Note
-------+----------+-------------------------------------------
     0 | D:1      | streetpizza the Draconian Conjurer began the quest for the
                  | Orb.
     0 | D:1      | Reached XP level 1. HP: 14/14 MP: 3/3
   494 | D:1      | Reached XP level 2. HP: 20/20 MP: 1/5
   506 | D:1      | Learned a level 2 spell: Searing Ray
  1175 | D:1      | Reached XP level 3. HP: 26/26 MP: 6/6
  1530 | D:2      | Noticed Sigmund
  2100 | D:2      | Reached XP level 4. HP: 33/33 MP: 5/7
  2522 | D:3      | Reached skill level 5 in Conjurations
  3099 | D:3      | Found a glowing golden altar of the Shining One.
  3262 | D:3      | Found a hazy altar of Hepliaklqana.
  3623 | D:4      | Reached XP level 5. HP: 38/38 MP: 5/9
  4271 | D:4      | Reached XP level 6. HP: 45/45 MP: 0/11
  4369 | D:4      | Reached skill level 6 in Conjurations
  4836 | D:5      | Entered Level 5 of the Dungeon
  5373 | D:5      | Found a shimmering blue altar of Sif Muna.
  5459 | D:5      | Your scales start taking on a fiery red colour.
  5459 | D:5      | Reached XP level 7. HP: 50/50 MP: 7/12
  5459 | D:5      | Gained mutation: Your flesh is heat resistant. (rF+) [Red
                  | Draconian growth]
  5510 | D:5      | Found Qiocaw's Jewellery Boutique.
  5669 | D:5      | Reached skill level 7 in Conjurations
  5709 | D:5      | Found a white marble altar of Elyvilon.
  5713 | D:5      | Found a glowing golden altar of the Shining One.
  6094 | D:6      | Reached XP level 8. HP: 46/57 MP: 8/14
  6563 | D:6      | Reached skill level 8 in Conjurations
  6647 | D:6      | Noticed a gargoyle
  6672 | D:6      | Killed a gargoyle
  6673 | D:6      | Reached skill level 5 in Dodging
  6673 | D:6      | Reached skill level 5 in Spellcasting
  7003 | D:6      | Found a staircase to the Ecumenical Temple.
  7013 | Temple   | Entered the Ecumenical Temple
  7135 | Temple   | Became a worshipper of Vehumet
  7234 | D:6      | Reached skill level 9 in Conjurations
  7357 | D:6      | Got a fading hand axe
  7358 | D:6      | Identified the +7 hand axe of Uskayaw's Outrage {vorpal,
                  | rPois Int+2 Dex+4} (You found it on level 6 of the Dungeon)
  7645 | D:7      | Noticed Menkaure
  7647 | D:7      | Killed Menkaure
  7648 | D:7      | Reached XP level 9. HP: 62/62 MP: 17/17
  7709 | D:7      | Found Vyacrost's Book Shoppe.
  8137 | D:8      | Reached * piety under Vehumet
  8137 | D:8      | Offered knowledge of Foxfire by Vehumet.
  8176 | D:8      | Found a shadowy altar of Dithmenos.
  8178 | D:8      | Found an opulent altar of Gozag.
  8279 | D:8      | Reached skill level 10 in Conjurations
  8350 | D:8      | Found a staircase to the Lair.
  8488 | D:8      | Found a blossoming altar of Fedhas.
  9179 | D:9      | Found a burning altar of Makhleb.
  9213 | D:9      | Noticed a wizard
  9316 | D:9      | Killed a wizard
  9324 | D:9      | Noticed a large abomination
  9328 | D:9      | Noticed a large abomination
  9329 | D:9      | Reached XP level 10. HP: 49/69 MP: 20/20
  9329 | D:9      | Noticed a large abomination
  9330 | D:9      | Reached skill level 11 in Conjurations
  9330 | D:9      | Demolished by a large abomination

Illustrated notes

Levels and vault maps discovered:
D:1:      elethiomel_arrival_maze, layout_basic
D:2:      layout_rooms, uniq_sigmund
D:3:      layout_basic, general_overflow_altar, nicolae_tso_carved_into_rock
D:4:      minmay_razor_zed, layout_layer_cave
D:5:      layout_cave_pods, old_standard_altar, minitemple, serial_shops, shop
D:6:      layout_basic, minmay_temple_entry_slanted, minmay_misc_feat_tower,
          kennysheep_nondescript
D:7:      layout_loops_ring, serial_shops, nicolae_shop_statue_plus,
          uniq_menkaure
D:8:      layout_loops_ring, chequers_temple_overflow_statue_of_worship,
          grunt_lair_entry_orc_guard_hut, fedhas_altar_3
D:9:      layout_basic, makhleb_blood_cavern_becter, laboratory
Temple:   regret_index_temple_generic_petals

Skill      XL: |  1  2  3  4  5  6  7  8  9 10 |
---------------+-------------------------------+-----
Dodging        | 2 3 4 5 6 |  6.9
Conjurations   | 5 6 7 9 10 11 | 11.0
Spellcasting   | 3 4 5 6 |  6.9
Stealth        | |  1.7

Action                   |  1- 3 |  4- 6 |  7- 9 | 10-12 || total
-------------------------+-------+-------+-------+-------++-------
Melee: Spear             |    97 |    79 |       |       ||   176
       Tailslap          |    10 |     4 |     4 |       ||    18
       Hand axe          |       |    20 |   103 |       ||   123
Throw: Dart              |    14 |     2 |     2 |       ||    18
 Cast: Magic Dart        |    26 |     9 |       |       ||    35
       Searing Ray       |     3 |    19 |    16 |     1 ||    39
 Abil: Breathe Fire      |       |       |    25 |       ||    25
  Use: Potion            |       |       |     1 |       ||     1
 Stab: Sleeping          |     1 |     1 |     2 |       ||     4
Armor: Skin              |    32 |    31 |    35 |       ||    98
Dodge: Dodged            |    72 |    67 |   111 |     1 ||   251

Table legend: (Time is in decaauts)
 A = Elapsed time spent in this place.
 B = Non-inter-level travel time spent in this place.
 C = Inter-level travel time spent in this place.
 D = Time resting spent in this place.
 E = Time spent auto-exploring this place.
 F = Levels seen in this place.
 G = Mean time per level.
                   A        B        C        D        E       F      G
               +--------+--------+--------+--------+--------+-----+--------+
         Total |   9389 |   9067 |    322 |    572 |   7105 |  10 |  938.9 |
       Dungeon |   9181 |   8880 |    301 |    572 |   6926 |   9 | 1020.1 |
        Temple |    207 |    186 |     21 |      0 |    179 |   1 |  207.0 |
               +--------+--------+--------+--------+--------+-----+--------+

Top non-repeatable levels by time:
     D:1: 1630 daAuts
     D:5: 1546 daAuts
     D:4: 1369 daAuts
     D:3: 970 daAuts
     D:6: 951 daAuts
     D:8: 920 daAuts
     D:2: 882 daAuts
     D:7: 584 daAuts
     D:9: 325 daAuts
  Temple: 207 daAuts
